[Event "Titled Tuesday Blitz July 20 2021"]
[White "Locci, Damiano"]
[Black "Jarovinsky, Alexey"]
[WhiteFideId "819751"]
[BlackFideId "14115131"]
[WhiteElo "2404"]
[BlackElo "2743"]
[Result "1/2-1/2"]
[Round "01"]
[TimeControl "180+1"]
[Date "2021.07.21"]
[WhiteClock "0:00:11"]
[BlackClock "0:00:11"]

1. e4 Nc6 2. Nc3 e6 3. d4 Bb4 4. Nf3 Nf6 5. Bd3 d6 6. O-O Bxc3 7. bxc3 e5 8. Bg5 h6 9. Bh4 Bg4 10. Bb5 O-O 11. Bxc6 bxc6 12. dxe5 Bxf3 13. Qxf3 dxe5 14. Rfd1 Qe7 15. Rd3 g5 16. Bg3 Rad8 17. h4 Rxd3 18. cxd3 Qe6 19. hxg5 hxg5 20. Qe3 Nh7 21. Qc5 f6 22. Rb1 Qd6 23. Qc4+ Kg7 24. d4 Re8 25. Rb7 a5 26. d5 cxd5 27. Rxc7+ Re7 28. Rxe7+ Qxe7 29. exd5 Nf8 30. Qc6 Qd7 31. Qxd7+ Nxd7 32. f3 Nb6 33. d6 Kf7 34. Bf2 Nc4 35. Bc5 Ke6 36. Kf2 Nxd6 37. Bxd6 Kxd6 38. g4 Kd5 39. Ke3 Kc4 40. Ke4 Kxc3 41. Kf5 Kb2 42. Kxf6 Kxa2 43. Kxe5 a4 44. f4 gxf4 45. Kxf4 a3 46. g5 Kb2 47. g6 a2 48. g7 a1=Q 49. g8=Q Qf1+ 50. Ke5 Qe2+ 51. Kf6 Qf3+ 52. Ke7 Qb7+ 53. Kf8 Qc8+ 54. Kg7 Qxg8+ 55. Kxg8 1/2-1/2


[Site "https://www.chess.com"]

[Event "Titled Tuesday Blitz July 20 2021"]
[White "Lovkov, Roman"]
[Black "Chernov, Mikhail"]
[WhiteFideId "4157389"]
[BlackFideId "24143170"]
[WhiteElo "2387"]
[BlackElo "2244"]
[Result "1-0"]
[Round "01"]
[TimeControl "180+1"]
[Date "2021.07.21"]
[WhiteClock "0:01:04"]
[BlackClock "0:00:50"]

1. e4 c5 2. d4 cxd4 3. c3 dxc3 4. Nxc3 Nc6 5. Nf3 e6 6. Bc4 Qc7 7. Qe2 Nf6 8. e5 Ng4 9. Bf4 d5 10. Bb3 Be7 11. h3 Nh6 12. g4 O-O 13. Bg3 b6 14. Rc1 Bb7 15. O-O a6 16. Qe3 d4 17. Nxd4 Nxd4 18. Qxd4 Qc6 19. Nd5 Bc5 20. Ne7+ Bxe7 21. Rxc6 Bxc6 22. Qxb6 Rac8 23. Rc1 Be4 24. Rxc8 Rxc8 25. Bf4 g5 26. Be3 Kg7 27. Qxa6 Ng8 1-0


[Site "https://www.chess.com"]

[Event "Titled Tuesday Blitz July 20 2021"]
[White "Madaminov, Mukhiddin"]
[Black "Onufrienko, Vladislav"]
[WhiteFideId "14210703"]
[BlackFideId "13804332"]
[WhiteElo "1747"]
[BlackElo "1661"]
[Result "1-0"]
[Round "01"]
[TimeControl "180+1"]
[Date "2021.07.21"]
[WhiteClock "0:00:54"]
[BlackClock "0:00:13"]

1. e4 Nf6 2. e5 Nd5 3. d4 d6 4. Nf3 dxe5 5. Nxe5 Nd7 6. Nxd7 Bxd7 7. Bc4 e6 8. O-O Be7 9. Nc3 Nxc3 10. bxc3 O-O 11. Re1 Bc6 12. Bf4 Bd6 13. Qg4 Bxf4 14. Qxf4 Qd6 15. Qg5 h6 16. Qh4 Rad8 17. Re3 Bd5 18. Bd3 f5 19. Rg3 Kh8 20. Re1 c5 21. c4 Bc6 22. dxc5 Qd7 23. Rg6 Rde8 24. Re5 Rf7 25. Qf4 Kh7 26. Qg3 Qd4 27. h4 Kh8 28. Qe3 Qa1+ 29. Kh2 Rfe7 30. Rgxe6 Qxe5+ 31. Qxe5 Rxe6 32. Qxf5 Rf6 33. Qh7# 1-0


[Site "https://www.chess.com"]

[Event "Titled Tuesday Blitz July 20 2021"]
[White "Manukyan, Sargis A."]
[Black "Sarana, Alexey"]
[WhiteFideId "13303970"]
[BlackFideId "24133795"]
[WhiteElo "2187"]
[BlackElo "2646"]
[Result "0-1"]
[Round "01"]
[TimeControl "180+1"]
[Date "2021.07.20"]
[WhiteClock "0:00:17"]
[BlackClock "0:01:10"]

1. d4 Nf6 2. e3 d6 3. Nf3 Nbd7 4. Be2 e5 5. dxe5 Nxe5 6. Nxe5 dxe5 7. Qxd8+ Kxd8 8. O-O c6 9. Rd1+ Kc7 10. b3 Bf5 11. Bd3 Rd8 12. Bb2 e4 13. Be2 Rxd1+ 14. Bxd1 Nd7 15. Nd2 f6 16. Be2 Bb4 17. c3 Be7 18. Rd1 h5 19. h3 h4 20. Bg4 Bxg4 21. hxg4 Ne5 22. Nxe4 Nxg4 23. c4 Re8 24. Nc3 Bc5 25. Rd3 g6 26. Ne2 Bd6 27. Bd4 b6 28. f3 Ne5 29. Bxe5 Bxe5 30. f4 Bd6 31. Kf2 g5 32. Kf3 Rg8 33. fxg5 Rxg5 34. Nf4 Rg3+ 35. Ke4 Bxf4 36. exf4 f5+ 37. Kd4 c5+ 38. Kc3 Rxg2 39. Rd5 Rg8 40. Rxf5 Rh8 41. Rg5 h3 42. Rg1 h2 43. Rh1 Rh3+ 44. Kd2 Kd6 45. Ke2 Ke6 46. Kf2 Kf5 47. Kg2 Rh8 48. Kf3 Rh4 49. Kg3 Rg4+ 50. Kh3 Rg8 51. a3 a5 52. a4 Rg7 53. Rxh2 Rh7+ 54. Kg3 Rxh2 55. Kxh2 Kxf4 56. Kg2 Ke3 57. Kg3 Kd3 58. Kf4 Kc3 59. Ke5 Kxb3 60. Kd5 Kxa4 61. Kc6 Kb4 62. Kxb6 a4 0-1


[Site "https://www.chess.com"]

[Event "Titled Tuesday Blitz July 20 2021"]
[White "Megaranto, Susanto"]
[Black "Fisabilillah, Ummi"]
[WhiteFideId "7101384"]
[BlackFideId "7104804"]
[WhiteElo "2731"]
[BlackElo "2399"]
[Result "1-0"]
[Round "01"]
[TimeControl "180+1"]
[Date "2021.07.21"]
[WhiteClock "0:00:55"]
[BlackClock "0:00:16"]

1. e4 c6 2. c4 d5 3. exd5 cxd5 4. cxd5 Nf6 5. Nc3 Nxd5 6. Nf3 Nc6 7. Bb5 Nxc3 8. bxc3 Bd7 9. d4 e6 10. O-O Be7 11. Re1 O-O 12. Bf4 Rc8 13. Bd3 g6 14. Qd2 Bf6 15. h4 h5 16. Bg5 Bxg5 17. Nxg5 Kg7 18. Re3 Ne7 19. Rg3 Bc6 20. Qf4 Qc7 21. Qe3 Nd5 22. Nxe6+ fxe6 23. Rxg6+ Kh8 24. Qh6+ Qh7 25. Rg8+ 1-0


[Site "https://www.chess.com"]

[Event "Titled Tuesday Blitz July 20 2021"]
[White "Meissner, Felix"]
[Black "Jaracz, Pawel"]
[WhiteFideId "24671827"]
[BlackFideId "1102222"]
[WhiteElo "2390"]
[BlackElo "2495"]
[Result "1-0"]
[Round "01"]
[TimeControl "180+1"]
[Date "2021.07.21"]
[WhiteClock "0:02:24"]
[BlackClock "0:02:26"]

1. e4 e5 2. Nf3 Nc6 3. d4 exd4 4. Nxd4 Nf6 5. Nc3 Bb4 6. Nxc6 bxc6 7. Bd3 d5 8. exd5 cxd5 9. O-O O-O 10. h3 c6 11. Qf3 Bd6 12. Bf4 Rb8 13. b3 Be6 14. Rfe1 Re8 15. Rad1 Rb4 16. Bxd6 Qxd6 17. Qg3 Qxg3 18. fxg3 c5 19. g4 c4 20. Bf1 1-0


[Site "https://www.chess.com"]

[Event "Titled Tuesday Blitz July 20 2021"]
[White "Molina, Roberto Junio Brito"]
[Black "Tomaszewski, Kacper"]
[WhiteFideId "2109450"]
[BlackFideId "1127373"]
[WhiteElo "2746"]
[BlackElo "2405"]
[Result "1-0"]
[Round "01"]
[TimeControl "180+1"]
[Date "2021.07.21"]
[WhiteClock "0:00:08"]
[BlackClock "0:00:06"]

1. d4 Nf6 2. c4 g6 3. Nc3 d5 4. Nf3 Bg7 5. Qb3 dxc4 6. Qxc4 O-O 7. e4 Nc6 8. Be2 e5 9. d5 Nd4 10. Nxd4 exd4 11. Qxd4 c6 12. Qd1 cxd5 13. exd5 Bf5 14. O-O Ne4 15. Nxe4 Bxe4 16. Bf3 Re8 17. Bxe4 Rxe4 18. Qb3 Rd4 19. Be3 Rxd5 20. Rad1 Rxd1 21. Rxd1 Qe7 22. g3 b6 23. Qd5 Re8 24. b3 Bf6 25. h4 Rd8 26. Qf3 Rxd1+ 27. Qxd1 Qd8 28. Qf3 h5 29. Qb7 Qe7 30. Qd5 Qd8 31. Qc6 Kg7 32. a4 Qe7 33. Kg2 Be5 34. Qe4 Bf6 35. Kf3 Qa3 36. Qd3 Qe7 37. Qd5 Be5 38. Ke2 Bf6 39. Kd3 Qc7 40. Bd4 Qc1 41. Bxf6+ Kxf6 42. Qd4+ Ke6 43. Qc4+ Qxc4+ 44. Kxc4 Kd6 45. Kb5 Kc7 46. Ka6 Kb8 47. b4 Ka8 48. f3 Kb8 49. g4 Ka8 50. gxh5 gxh5 51. Kb5 Kb7 52. Kc4 Kc6 53. Kd4 Kd6 54. Ke4 Ke6 55. Kf4 Kf6 56. Ke4 Ke6 57. Kf4 Kf6 58. b5 Ke6 59. Kg5 Ke5 60. Kxh5 Kf4 61. Kh6 Kxf3 62. Kg5 Ke4 63. h5 f5 64. h6 f4 65. h7 f3 66. h8=Q 1-0


[Site "https://www.chess.com"]

[Event "Titled Tuesday Blitz July 20 2021"]
[White "Moroni, Luca Jr"]
[Black "Derraugh, Geordie"]
[WhiteFideId "865834"]
[BlackFideId "2603950"]
[WhiteElo "2757"]
[BlackElo "2407"]
[Result "1-0"]
[Round "01"]
[TimeControl "180+1"]
[Date "2021.07.21"]
[WhiteClock "0:00:05"]
[BlackClock "0:00:03"]

1. d4 Nf6 2. c4 e6 3. Nc3 Bb4 4. Nf3 b6 5. Qb3 c5 6. dxc5 bxc5 7. a3 Bxc3+ 8. Qxc3 Nc6 9. e3 O-O 10. Be2 Bb7 11. O-O Qe7 12. Rd1 d5 13. cxd5 exd5 14. b3 Rac8 15. Bf1 Ne4 16. Qc2 Rfe8 17. Bb2 Qe6 18. Rac1 Ne7 19. Bb5 Red8 20. Ne5 Nf5 21. Nd3 Nh4 22. Nf4 Qg4 23. Be2 Qg5 24. f3 Nf6 25. Kh1 Nf5 26. Qd2 d4 27. exd4 cxd4 28. Rxc8 Rxc8 29. Nh3 Qh4 30. Qf4 Qh5 31. Bxd4 Nxd4 32. Qxd4 Re8 33. Nf4 Qg5 34. Bf1 h5 35. Nh3 Qf5 36. Ng1 Qc2 37. Qd3 Qc6 38. a4 h4 39. Qb5 Qe6 40. Qxb7 h3 41. Nxh3 Nh5 42. Bc4 Qf6 43. Qxf7+ Qxf7 44. Bxf7+ Kxf7 45. Ng5+ Kg6 46. Ne4 Nf4 47. Rd6+ Kf5 48. g3 Ng6 49. Kg2 Ne5 50. Rd5 Ke6 51. Ra5 Re7 52. Ra6+ Kd5 53. Rd6# 1-0


[Site "https://www.chess.com"]

[Event "Titled Tuesday Blitz July 20 2021"]
[White "Moskalenko, Alexander"]
[Black "Daianu, Cristian-Clement"]
[WhiteFideId "4155351"]
[BlackFideId "1208926"]
[WhiteElo "2495"]
[BlackElo "2133"]
[Result "1-0"]
[Round "01"]
[TimeControl "180+1"]
[Date "2021.07.20"]
[WhiteClock "0:02:37"]
[BlackClock "0:02:12"]

1. d4 Nf6 2. Bg5 d5 3. Bxf6 gxf6 4. e3 c5 5. Nf3 Nc6 6. dxc5 e6 7. c4 Qa5+ 8. Nc3 dxc4 9. Nd2 Be7 10. Nxc4 Qxc5 11. a3 O-O 12. b4 Qg5 13. g3 Ne5 14. f4 1-0


[Site "https://www.chess.com"]

[Event "Titled Tuesday Blitz July 20 2021"]
[White "Mujumdar, Sameer"]
[Black "Willow, Jonah B"]
[WhiteFideId "2029707"]
[BlackFideId "438804"]
[WhiteElo "2104"]
[BlackElo "2261"]
[Result "1-0"]
[Round "01"]
[TimeControl "180+1"]
[Date "2021.07.21"]
[WhiteClock "0:00:37"]
[BlackClock "0:00:04"]

1. e4 c5 2. Nf3 g6 3. d4 cxd4 4. c3 Nf6 5. e5 Nd5 6. Bc4 Nb6 7. Bb3 Bg7 8. cxd4 O-O 9. O-O d6 10. h3 Nc6 11. Bf4 dxe5 12. dxe5 Be6 13. Nc3 Qxd1 14. Rfxd1 Bxb3 15. axb3 Rfd8 16. Kf1 Nd7 17. Nd5 e6 18. Nc7 Rac8 19. Nb5 Ndxe5 20. Nxe5 Nxe5 21. Rxd8+ Rxd8 22. Rxa7 Nd3 23. Be3 Rb8 24. Nd6 Nxb2 25. Rxb7 Rd8 26. Nc4 Nd1 27. Bd2 Bc3 28. Bxc3 Nxc3 29. g3 Rd1+ 30. Kg2 Rb1 31. Ne5 f6 32. Ng4 f5 33. Nf6+ Kf8 34. Nxh7+ Ke8 35. Nf6+ Kd8 36. Rd7+ Kc8 37. Re7 Rxb3 38. Rxe6 Rb2 39. Rc6+ Kb7 40. Rxc3 1-0


[Site "https://www.chess.com"]

[Event "Titled Tuesday Blitz July 20 2021"]
[White "Nakamura, Hikaru"]
[Black "Leve, Nitai"]
[WhiteFideId "2016192"]
[BlackFideId "2006898"]
[WhiteElo "2900"]
[BlackElo "2144"]
[Result "1-0"]
[Round "01"]
[TimeControl "180+1"]
[Date "2021.07.20"]
[WhiteClock "0:01:37"]
[BlackClock "0:00:03"]

1. Nf3 d5 2. e3 Nf6 3. c4 c6 4. d4 a6 5. Bd3 Bg4 6. Nbd2 e6 7. Qc2 Bd6 8. b3 Nbd7 9. Bb2 Qe7 10. Ne5 Bh5 11. a3 Bxe5 12. dxe5 Ng4 13. Nf3 Bg6 14. Bxg6 hxg6 15. h3 Nh6 16. O-O-O Nf5 17. g3 b5 18. cxd5 cxd5 19. Kb1 O-O 20. Rc1 Nb6 21. g4 Nh4 22. Nd4 Rfc8 23. Qe2 g5 24. f4 Ng6 25. Qd2 Qd8 26. Nf3 gxf4 27. exf4 Nh4 28. Nd4 Rxc1+ 29. Rxc1 Rc8 30. Rf1 Ng6 31. f5 exf5 32. e6 fxe6 33. Nxe6 Qe7 34. gxf5 Nh4 35. Qf2 d4 36. Rg1 g6 37. Qxd4 Nxf5 38. Rxg6+ Kf7 39. Rf6+ Ke8 40. Qxb6 1-0


[Site "https://www.chess.com"]

[Event "Titled Tuesday Blitz July 20 2021"]
[White "Navalgund, Niranjan"]
[Black "Rodriguez Hernandez, Luis Daniel"]
[WhiteFideId "5030854"]
[BlackFideId "3506770"]
[WhiteElo "2290"]
[BlackElo "2133"]
[Result "0-1"]
[Round "01"]
[TimeControl "180+1"]
[Date "2021.07.21"]
[WhiteClock "0:01:04"]
[BlackClock "0:01:10"]

1. d4 Nf6 2. c4 g6 3. Nc3 Bg7 4. e4 O-O 5. Bd3 d6 6. Nge2 c5 7. d5 e6 8. h3 exd5 9. exd5 Na6 10. O-O Nc7 11. Bg5 Rb8 12. Qd2 a6 13. a4 Bd7 14. f4 h6 15. Bh4 Ne4 16. Nxe4 Qxh4 17. Nxd6 f5 18. Qe3 b6 19. a5 Qf6 20. axb6 Rxb6 21. Qxc5 Qxd6 22. Qxd6 Rxd6 23. c5 Rxd5 24. Bc4 Bb5 25. Bxd5+ Nxd5 26. Kf2 Bxb2 27. Ra2 Bxe2 28. Kxe2 Nc3+ 29. Kf3 Nxa2 30. Rf2 Rb8 0-1


[Site "https://www.chess.com"]

[Event "Titled Tuesday Blitz July 20 2021"]
[White "Nilsen, Tobias Lang"]
[Black "Woodward, Andy"]
[WhiteFideId "1521624"]
[BlackFideId "30953499"]
[WhiteElo "1975"]
[BlackElo "2137"]
[Result "1/2-1/2"]
[Round "01"]
[TimeControl "180+1"]
[Date "2021.07.21"]
[WhiteClock "0:00:34"]
[BlackClock "0:00:02"]

1. e4 c5 2. Nf3 d6 3. d4 cxd4 4. Qxd4 a6 5. c4 Nc6 6. Qd2 g6 7. b3 Bg7 8. Nc3 Nf6 9. Bb2 O-O 10. h3 Bd7 11. Bd3 Rc8 12. O-O b6 13. Rfe1 h6 14. Rac1 Be6 15. Nd5 a5 16. Nxf6+ exf6 17. Nd4 Ne5 18. Be2 Qe7 19. f4 Nc6 20. Bf3 Nxd4 21. Bxd4 Qc7 22. Qf2 Rb8 23. Qg3 f5 24. Bxg7 Kxg7 25. exf5 Bxf5 26. Bg4 Bxg4 27. Qxg4 Rbe8 28. Kh1 Re7 29. f5 Re5 30. Rxe5 dxe5 31. Rd1 Qc6 32. Rd5 Qf6 33. fxg6 fxg6 34. Rd7+ Rf7 35. Rxf7+ Qxf7 36. Qe4 Qf1+ 37. Kh2 Qf4+ 38. Qxf4 exf4 39. Kg1 Kf6 40. Kf2 g5 41. Kf3 Kf5 42. a3 h5 43. b4 axb4 44. axb4 g4+ 45. Ke2 Ke4 46. hxg4 hxg4 47. c5 bxc5 48. bxc5 Kd5 49. Kd3 Kxc5 50. Ke4 f3 51. gxf3 gxf3 52. Kxf3 1/2-1/2


[Site "https://www.chess.com"]

[Event "Titled Tuesday Blitz July 20 2021"]
[White "Onyshchuk, Volodymyr"]
[Black "Mazi, Leon"]
[WhiteFideId "14114038"]
[BlackFideId "14600315"]
[WhiteElo "2603"]
[BlackElo "2333"]
[Result "1-0"]
[Round "01"]
[TimeControl "180+1"]
[Date "2021.07.20"]
[WhiteClock "0:00:30"]
[BlackClock "0:00:15"]

1. e4 c5 2. Ne2 d6 3. g3 Nf6 4. Bg2 a6 5. c3 e5 6. d4 Nc6 7. d5 Ne7 8. c4 Ng6 9. Nec3 Be7 10. h4 h5 11. Bg5 Bd7 12. Bxf6 Bxf6 13. Bf3 b5 14. Qe2 bxc4 15. Na3 Rb8 16. Nxc4 Bb5 17. Nxb5 axb5 18. Ne3 Qa5+ 19. Kf1 Ne7 20. Bxh5 c4 21. Kg2 Nc8 22. a4 bxa4 23. Nxc4 Qb4 24. Rhc1 Bd8 25. Bf3 Nb6 26. Ne3 Nd7 27. Nf5 g6 28. Rc4 Qb6 29. Rc6 Qxb2 30. Nxd6+ Kf8 31. Qxb2 Rxb2 32. Nc4 Rb4 33. Bd1 Nb8 34. Rc8 Ke7 35. Rxa4 Rb1 36. Ra7+ Kf6 37. Nd6 Rf8 38. Rxd8 1-0


[Site "https://www.chess.com"]

[Event "Titled Tuesday Blitz July 20 2021"]
[White "Ozen, Bahadir"]
[Black "Begunov, Konstantin"]
[WhiteFideId "6337058"]
[BlackFideId "4118510"]
[WhiteElo "2503"]
[BlackElo "2262"]
[Result "1/2-1/2"]
[Round "01"]
[TimeControl "180+1"]
[Date "2021.07.21"]
[WhiteClock "0:01:10"]
[BlackClock "0:02:04"]

1. Nf3 d5 2. e3 c6 3. c4 Nf6 4. Nc3 Bg4 5. Qb3 Qb6 6. Qxb6 axb6 7. cxd5 Bxf3 8. gxf3 Nxd5 9. Nxd5 cxd5 10. Bb5+ Nc6 11. b3 e6 12. Bb2 Rg8 13. Ke2 Kd7 14. f4 g6 15. a3 Bg7 16. d4 Bf8 17. Rhc1 Bd6 18. h3 Rgc8 19. Kd2 Ra5 20. Bd3 Raa8 21. Bb5 Ra5 22. Bd3 Raa8 23. Bb5 1/2-1/2


[Site "https://www.chess.com"]

[Event "Titled Tuesday Blitz July 20 2021"]
[White "Pein, Jonathan"]
[Black "Batsuren, Dambasuren"]
[WhiteFideId "417092"]
[BlackFideId "4902920"]
[WhiteElo "2167"]
[BlackElo "2371"]
[Result "1-0"]
[Round "01"]
[TimeControl "180+1"]
[Date "2021.07.21"]
[WhiteClock "0:00:07"]
[BlackClock "0:00:56"]

1. e4 c6 2. d4 d5 3. e5 Bf5 4. h4 h5 5. c4 e6 6. Nc3 Ne7 7. Bd3 Qb6 8. c5 Qc7 9. Bg5 Bxd3 10. Qxd3 Nf5 11. Nge2 b6 12. cxb6 Qxb6 13. O-O Nd7 14. Rfc1 f6 15. Bf4 fxe5 16. dxe5 Nc5 17. Qh3 d4 18. Nxd4 Nxd4 19. Be3 Nf5 20. Na4 Nxa4 21. Bxb6 Nxb6 22. Rxc6 Kf7 23. Qb3 Nd5 24. Qb7+ Be7 25. Rxe6 Kxe6 26. Qc6+ Kxe5 27. Re1+ Nfe3 28. fxe3 Rac8 29. Qg6 Bf6 30. e4 Ne7 31. Qg3+ Ke6 32. e5 Bxh4 33. Qxh4 Rc2 34. Qh3+ Kf7 35. Qb3+ Kg6 36. Qxc2+ Kh6 37. Qd2+ Kh7 38. Qd6 Nf5 39. Qd3 g6 40. e6 Re8 41. e7 Kg7 42. Qd7 Kf7 43. Qxa7 Nxe7 44. a4 Kf6 45. a5 Nc6 46. Qf2+ Kg5 47. Rxe8 1-0


[Site "https://www.chess.com"]

[Event "Titled Tuesday Blitz July 20 2021"]
[White "Peralta, Eduardo"]
[Black "Lagunov, Evgenij"]
[WhiteFideId "3700062"]
[BlackFideId "4125363"]
[WhiteElo "2205"]
[BlackElo "2200"]
[Result "1/2-1/2"]
[Round "01"]
[TimeControl "180+1"]
[Date "2021.07.21"]
[WhiteClock "0:00:06"]
[BlackClock "0:00:04"]

1. d4 Nf6 2. c4 e6 3. Nc3 d5 4. Nf3 dxc4 5. e3 a6 6. a4 b6 7. Bxc4 Bb7 8. O-O Be7 9. Qe2 O-O 10. e4 Nbd7 11. Rd1 Qc8 12. Bg5 h6 13. Bh4 Re8 14. Rac1 c5 15. d5 exd5 16. exd5 Nxd5 17. Bxd5 Bxh4 18. Qd3 Bxd5 19. Qxd5 Nf6 20. Qd2 Ne4 21. Nxe4 Rxe4 22. Qd5 Qe8 23. Re1 Rxe1+ 24. Rxe1 Qd8 25. Qxd8+ Bxd8 26. Re8+ Kh7 27. Ne5 b5 28. Nxf7 Ra7 29. Nxd8 Rd7 30. h3 c4 31. Ne6 Rd1+ 32. Kh2 b4 33. Rc8 Rc1 34. a5 b3 35. Nf8+ Kg8 36. Nd7+ Kf7 37. Rxc4 Rc2 38. Rb4 Ke6 39. Nb8 Rxf2 40. Nxa6 Rf5 41. Rb6+ Kd7 42. Rxb3 Rxa5 43. Nb4 Rb5 44. Rd3+ Ke6 45. Rd4 Rg5 46. h4 Rf5 47. Nd3 Rf1 48. b4 Rb1 49. Nf4+ Ke5 50. Rc4 Rb3 51. g3 g5 52. hxg5 hxg5 53. Nh5 g4 54. Rc5+ Ke4 55. Rg5 Kf3 56. Kg1 Rb1+ 57. Kh2 Rb2+ 58. Kg1 Rb1+ 59. Kh2 Rb2+ 60. Kg1 Rb1+ 1/2-1/2


[Site "https://www.chess.com"]

[Event "Titled Tuesday Blitz July 20 2021"]
[White "Pert, Richard G"]
[Black "Sviridova, Vlada"]
[WhiteFideId "404748"]
[BlackFideId "24109606"]
[WhiteElo "2441"]
[BlackElo "2101"]
[Result "1-0"]
[Round "01"]
[TimeControl "180+1"]
[Date "2021.07.21"]
[WhiteClock "0:00:19"]
[BlackClock "0:00:01"]

1. d4 d5 2. c4 c6 3. Nc3 Nf6 4. Nf3 dxc4 5. e4 b5 6. Be2 e6 7. O-O Bb7 8. a4 b4 9. e5 bxc3 10. exf6 gxf6 11. bxc3 c5 12. Be3 Nd7 13. a5 a6 14. Qa4 Qc7 15. Rfd1 Bc6 16. Qxc4 Bb5 17. Qa2 Bxe2 18. Qxe2 Bd6 19. d5 Ke7 20. g3 Rhg8 21. Nh4 Ne5 22. dxe6 fxe6 23. Rab1 Rab8 24. Rxb8 Rxb8 25. f4 Ng6 26. Qh5 Nxh4 27. Qxh7+ Kd8 28. Qxh4 Kd7 29. Qxf6 Re8 30. c4 Re7 31. Qh8 Qc6 32. Kf2 Rf7 33. Qe5 Rf5 34. Qg7+ Kc8 35. Rb1 Qc7 36. Qxc7+ Kxc7 37. Rb6 Rh5 38. Kg2 e5 39. Rxa6 exf4 40. Bxf4 Bxf4 41. gxf4 Rh8 42. Rf6 Rg8+ 43. Kf3 Rd8 44. a6 Rd4 45. a7 Kb7 46. Ra6 Ka8 47. Ra4 Rd3+ 48. Ke4 Rd4+ 49. Ke5 1-0


[Site "https://www.chess.com"]

[Event "Titled Tuesday Blitz July 20 2021"]
[White "Pichot, Alan"]
[Black "Pacheco Lugo, Alejandro Jose"]
[WhiteFideId "110973"]
[BlackFideId "3903745"]
[WhiteElo "2622"]
[BlackElo "2125"]
[Result "1-0"]
[Round "01"]
[TimeControl "180+1"]
[Date "2021.07.20"]
[WhiteClock "0:02:26"]
[BlackClock "0:01:25"]

1. c4 Nf6 2. g3 e6 3. Bg2 d5 4. Nf3 Be7 5. O-O O-O 6. d4 dxc4 7. Ne5 Nc6 8. Nxc6 bxc6 9. Na3 Bxa3 10. bxa3 Ba6 11. Qd2 Rb8 12. Qa5 Qc8 13. a4 Rd8 14. Rd1 Nd5 15. Ba3 Rb6 16. Rac1 Qb7 17. e4 Nb4 18. Bxb4 Rxb4 19. d5 cxd5 20. exd5 Qb6 21. dxe6 Rxd1+ 22. Rxd1 fxe6 23. Rd8+ Kf7 24. Qh5+ Ke7 25. Qe8+ Kf6 26. Qf8+ Kg6 27. Be4+ Kh6 28. Qf4+ 1-0


[Site "https://www.chess.com"]

[Event "Titled Tuesday Blitz July 20 2021"]
[White "Plotnikov, Pavel"]
[Black "Ahmadzada, Ahmad"]
[WhiteFideId "4170342"]
[BlackFideId "13413007"]
[WhiteElo "2418"]
[BlackElo "2778"]
[Result "0-1"]
[Round "01"]
[TimeControl "180+1"]
[Date "2021.07.21"]
[WhiteClock "0:00:14"]
[BlackClock "0:00:05"]

1. e4 d5 2. exd5 Qxd5 3. Nc3 Qd8 4. d4 Nf6 5. Nf3 Bg4 6. Bc4 e6 7. O-O c6 8. Be2 Nbd7 9. Be3 Be7 10. h3 Bxf3 11. Bxf3 O-O 12. Ne2 Nb6 13. b3 Qc7 14. c4 Rad8 15. Qc2 Nc8 16. Rfd1 Nd6 17. Ng3 Qc8 18. Rd2 Rfe8 19. Rad1 g6 20. Bf4 Nd7 21. Qc3 Bf8 22. Qb2 Nf5 23. Nxf5 exf5 24. d5 Bg7 25. Qa3 Ne5 26. Bxe5 Rxe5 27. Qxa7 Rde8 28. dxc6 bxc6 29. Qb6 Bf8 30. Qxc6 Qb8 31. g3 f4 32. g4 Bc5 33. Kg2 Kg7 34. Rd7 R8e7 35. Rxe7 Bxe7 36. Rd7 Qb4 37. Qb7 Qe1 38. c5 Kh6 39. c6 Bc5 40. g5+ Rxg5+ 41. Kh2 Qg1# 0-1


[Site "https://www.chess.com"]

[Event "Titled Tuesday Blitz July 20 2021"]
[White "Porter, Ryan W"]
[Black "Grabinsky, Aaron"]
[WhiteFideId "2011239"]
[BlackFideId "2087090"]
[WhiteElo "2404"]
[BlackElo "2742"]
[Result "0-1"]
[Round "01"]
[TimeControl "180+1"]
[Date "2021.07.21"]
[WhiteClock "0:00:04"]
[BlackClock "0:01:30"]

1. c4 c5 2. Nf3 b6 3. g3 Bb7 4. Bg2 e6 5. O-O Nf6 6. Nc3 Be7 7. d4 cxd4 8. Nxd4 Bxg2 9. Kxg2 a6 10. b3 d6 11. Bb2 Qc7 12. Rc1 Qb7+ 13. f3 Nbd7 14. e4 O-O 15. Qd2 Rac8 16. Rfd1 Rfd8 17. Qe3 Bf8 18. h3 h5 19. Kh2 Ne5 20. Qe2 Ng6 21. Qf2 h4 22. g4 Be7 23. Re1 Nf4 24. Rcd1 Nh7 25. Nde2 Bg5 26. Bc1 Ng6 27. f4 Be7 28. Be3 b5 29. cxb5 axb5 30. Rc1 b4 31. Na4 Qxe4 32. Nb6 Rxc1 33. Rxc1 Nf6 34. Rc4 Qb1 35. Rxb4 Qxa2 36. Nc4 d5 37. Ne5 Bxb4 38. Nc6 Ne4 39. Qg2 Qxb3 40. Nxd8 Qxe3 41. Nc6 Nxf4 0-1


[Site "https://www.chess.com"]

[Event "Titled Tuesday Blitz July 20 2021"]
[White "Preotu, Razvan"]
[Black "Yirik, Volkan"]
[WhiteFideId "2613280"]
[BlackFideId "6300782"]
[WhiteElo "2778"]
[BlackElo "2418"]
[Result "1-0"]
[Round "01"]
[TimeControl "180+1"]
[Date "2021.07.21"]
[WhiteClock "0:00:19"]
[BlackClock "0:00:35"]

1. e4 g6 2. d4 Bg7 3. Nc3 c5 4. d5 d6 5. Nf3 Bg4 6. Bd3 a6 7. a4 Nd7 8. h3 Bxf3 9. Qxf3 Ngf6 10. Bf4 O-O 11. O-O Ne8 12. a5 Nc7 13. Qg3 Rb8 14. Nd1 b5 15. axb6 Rxb6 16. Ra2 Nb5 17. c3 Ne5 18. Be2 Qb8 19. Bg5 Re8 20. f4 Nd7 21. f5 Ne5 22. h4 Kh8 23. h5 f6 24. Bd2 g5 25. Ne3 h6 26. Rfa1 Qb7 27. Qe1 Rb8 28. Qd1 Nc7 29. Bc1 Ra8 30. Qc2 Nb5 31. Ra5 Nc7 32. Nd1 Bf8 33. Be3 Rb3 34. Bf2 Rb6 35. Bg3 Nf7 36. Bc4 Nb5 37. b3 Ne5 38. Bxe5 dxe5 39. Bxb5 Rxb5 40. Ne3 Rxb3 41. Rxc5 e6 42. Rc6 Rb2 43. Qd3 exd5 44. exd5 Qa7 45. Rcxa6 Bc5 46. Rxa7 Rxa7 47. Rxa7 Bxa7 48. Kh2 1-0


[Site "https://www.chess.com"]

[Event "Titled Tuesday Blitz July 20 2021"]
[White "Primbetov, Kazbek"]
[Black "Zierk, Steven"]
[WhiteFideId "13702297"]
[BlackFideId "2034255"]
[WhiteElo "2184"]
[BlackElo "2494"]
[Result "1-0"]
[Round "01"]
[TimeControl "180+1"]
[Date "2021.07.20"]
[WhiteClock "0:00:12"]
[BlackClock "0:00:16"]

1. f4 d5 2. Nf3 g6 3. g3 Bg7 4. Bg2 c6 5. O-O Nf6 6. d3 O-O 7. Nbd2 Nbd7 8. e4 e5 9. f5 Ng4 10. Qe2 Qb6+ 11. Kh1 Ne3 12. Rg1 Nxc2 13. Rb1 gxf5 14. Nh4 Nd4 15. Qd1 fxe4 16. dxe4 Nf6 17. Rf1 Ng4 18. Ndf3 dxe4 19. Nxd4 exd4 20. Bxe4 d3 21. Bxd3 Nf2+ 22. Rxf2 Qxf2 23. Qh5 h6 24. Bxh6 Qf6 25. Bg5 Rd8 26. Bxf6 Bxf6 27. Bc4 Be6 28. Bxe6 fxe6 29. Qg6+ Bg7 30. Rf1 Rf8 31. Qxe6+ Kh7 32. Rf7 Rxf7 33. Qxf7 Rd8 34. Qxb7 Rd1+ 35. Kg2 Rd2+ 36. Kh3 Rxb2 37. Qxa7 Kg8 38. Nf5 Bc3 39. Qc5 Bb4 40. Qxc6 Kf7 41. Qc4+ Ke8 42. Kg4 Bd2 43. Qe6+ Kd8 44. Qf6+ Kc7 45. Qxb2 1-0


[Site "https://www.chess.com"]